Map: Deathaura LE

Players

milkicow

  • Race: Terran Terran
  • League: Grandmaster
  • Spawn Location: 5:00

uwuThermal (uThermal) - Winner!

  • Race: Terran Terran
  • Spawn Location: 11:00

Event: DreamHack SC2 Masters 2020 Winter

VOD

Have the link to the VOD?

Description

Time

  • Played on: Oct. 25, 2020, 1:48 p.m.
  • Length: 23:15

All games in this series

Show
View Real Time Build Order
Export as new Build Order

milkicow Terran 

Build Orders:  

Get SALT Encoding   

  12  0:00  SCV  
  13  0:12  SCV  
  14  0:16  Supply Depot  
  14  0:24  SCV  
  15  0:38  SCV  
  15  0:39  Barracks  
  16  0:43  Refinery  
  16  0:50  SCV  
  16  0:53  Refinery  
  17  1:02  SCV  
  18  1:14  SCV  
  19  1:28  Reaper  
  19  1:29  Supply Depot, Orbital Command  
  20  1:41  Factory  
  20  1:55  SCV  
  20  2:00  Reaper  
  22  2:08  SCV  
  23  2:22  Command Center  
  23  2:24  SCV  
  23  2:29  Hellion  
  26  2:33  Barracks Reactor  
  26  2:36  SCV  
  27  2:42  Starport  
  26  2:48  SCV  
  26  2:51  Supply Depot  
  27  2:53  Factory Tech Lab  
  27  3:00  SCV  
  28  3:10  Marine x2  
  28  3:12  SCV  
  31  3:17  Siege Tank  
  34  3:24  SCV  
  35  3:28  Marine x2  
  35  3:29  Medivac  
  39  3:36  Orbital Command  
  39  3:39  SCV  
  40  3:46  Marine x2  
  42  3:51  SCV  
  42  3:52  Cyclone  
  46  3:56  Refinery  
  46  3:59  Starport Tech Lab  
  46  4:03  SCV x2  
  46  4:06  Supply Depot  
  46  4:08  Marine  
  49  4:11  Marine  
  50  4:19  SCV x2  
  52  4:25  Marine  
  52  4:28  Raven  
  55  4:31  SCV  
  55  4:33  SCV  
  51  4:42  Marine  
  51  4:43  SCV  
  46  4:45  SCV  
  47  4:54  Marine, Siege Tank  
  47  4:55  SCV  
  47  4:58  SCV  
  52  5:08  SCV  
  52  5:10  SCV, Marine  
  52  5:14  Supply Depot  
  55  5:20  SCV  
  52  5:21  Marine  
  52  5:22  SCV  
  52  5:23  Raven  
  56  5:32  SCV, Marine  
  56  5:34  SCV  
  55  5:39  Marine  
  56  5:44  SCV  
  56  5:45  Siege Tank  
  56  5:46  SCV  
  61  5:50  Marine  
  61  5:52  Supply Depot  
  61  5:53  Command Center  
  61  5:56  SCV  
  63  5:58  SCV  
  65  6:08  SCV, Barracks  
  65  6:10  SCV  
  66  6:11  Barracks  
  66  6:17  Siege Tank  
  69  6:20  SCV  
  69  6:22  SCV, Viking x2  
  75  6:28  Refinery  
  75  6:29  Stimpack  
  76  6:33  SCV  
  77  6:40  SCV, Supply Depot  
  77  6:41  Supply Depot, Marine  
  78  6:59  Barracks Reactor x2  
  78  7:02  SCV x2, Siege Tank  
  78  7:03  Supply Depot  
  78  7:07  Orbital Command  
  83  7:09  Marine  
  83  7:10  Viking x2  
  83  7:14  SCV x2  
  90  7:18  Supply Depot  
  90  7:22  Orbital Command  
  90  7:26  SCV x2, Marine  
  90  7:29  Engineering Bay x2  
  93  7:34  Siege Tank  
  93  7:36  Marine x4  
  100  7:38  SCV x2  
  102  7:45  Supply Depot  
  102  7:48  Viking x2  
  102  7:50  SCV x2  
  108  7:54  SCV  
  108  7:57  Marine x3  
  112  7:59  Terran Infantry Weapons Level 1  
  112  8:00  Terran Infantry Armor Level 1  
  112  8:02  SCV  
  112  8:05  Supply Depot  
  113  8:09  SCV  
  113  8:10  SCV  
  115  8:12  Marine  
  115  8:13  Combat Shield, Marine  
  115  8:14  SCV  
  115  8:17  Supply Depot  
  118  8:21  SCV  
  118  8:22  SCV, Marine  
  116  8:28  SCV  
  116  8:31  Marine  
  116  8:32  Marine  
  116  8:33  SCV, Siege Tank  
  115  8:35  SCV  
  115  8:36  Refinery x2, Command Center  
  115  8:39  Marine  
  115  8:40  SCV  
  118  8:45  SCV, Marine x2  
  118  8:49  Marine  
  118  8:51  Marine  
  118  8:55  Medivac  
  117  8:57  Marine  
  117  8:58  SCV  
  117  9:02  SCV  
  108  9:03  Marine  
  108  9:07  Armory, SCV  
  108  9:08  Barracks  
  108  9:09  Barracks  
  110  9:10  Marine  
  110  9:11  Marine x2  
  110  9:12  Siege Tank  
  110  9:16  SCV  
  117  9:17  Marine  
  117  9:20  Missile Turret  
  117  9:21  SCV, Missile Turret  
  119  9:28  Medivac x2  
  119  9:29  Marine x2  
  119  9:30  SCV  
  126  9:31  Marine  
  126  9:33  SCV, Marine  
  126  9:35  Marine, SCV  
  131  9:43  SCV  
  132  9:46  Siege Tank  
  132  9:47  Marine x2, SCV  
  132  9:51  SCV  
  138  9:54  Marine  
  138  9:55  Missile Turret, Marine  
  138  9:58  Barracks Reactor  
  138  9:59  Barracks Reactor  
  140  10:00  Sensor Tower  
  140  10:01  Terran Infantry Weapons Level 2  
  140  10:04  Terran Infantry Armor Level 2  
  140  10:06  Marine  
  141  10:07  Supply Depot  
  141  10:09  Marine  
  141  10:14  Marine x2  
  142  10:15  SCV x2  
  142  10:19  SCV  
  148  10:21  Missile Turret  
  148  10:24  Marine  
  148  10:26  Sensor Tower  
  148  10:27  SCV x2, Siege Tank  
  153  10:31  Marine, SCV  
  153  10:32  Factory, Marine x2  
  157  10:36  Planetary Fortress  
  157  10:38  Marine  
  157  10:39  Marine  
  157  10:40  Marine, Barracks Reactor  
  157  10:42  Medivac  
  163  10:43  Terran Vehicle Weapons Level 1  
  163  10:45  Marine  
  163  10:47  Supply Depot  
  163  10:48  SCV  
  164  10:52  Refinery  
  164  10:53  Refinery  
  164  10:54  Starport  
  164  10:56  Starport  
  164  11:00  Marine  
  165  11:05  Marine  
  165  11:06  Marine x2  
  165  11:07  Marine  
  165  11:08  Marine  
  170  11:12  Marine x2  
  170  11:13  Siege Tank  
  170  11:18  Marine  
  176  11:20  Siege Tank  
  176  11:23  Marine  
  180  11:30  Marine, Supply Depot  
  180  11:31  Supply Depot  
  180  11:33  Starport Tech Lab  
  180  11:34  Marine, Command Center  
  180  11:36  Starport Tech Lab  
  180  11:37  Command Center  
  180  11:40  Supply Depot  
  180  11:42  Supply Depot  
  180  11:44  Marine x3  
  180  11:51  Marine x3, SCV  
  186  11:56  Raven, Marine  
  186  11:57  Raven  
  186  11:58  Corvid Reactor  
  168  12:08  Siege Tank  
  168  12:09  Siege Tank  
  168  12:14  Starport  
  168  12:15  Marine  
  177  12:22  Marine  
  177  12:25  Marine, Command Center  
  177  12:27  Terran Infantry Armor Level 3, Terran Infantry Weapons Level 3  
  179  12:34  Marine  
  179  12:38  Medivac x2  
  179  12:39  Marine x5  
  179  12:40  Marine  
  179  12:42  Raven  
  187  12:45  Marine  
  188  12:52  Orbital Command, Barracks  
  188  12:55  Barracks  
  188  12:58  Barracks x2  
  187  13:00  Marine  
  187  13:04  Barracks  
  188  13:07  Marine  
  188  13:08  Raven, Missile Turret  
  188  13:09  Missile Turret  
  193  13:19  Terran Vehicle Weapons Level 2  
  196  13:21  Marine  
  196  13:22  Marine x4  
  190  13:34  Sensor Tower  
  190  13:36  Marine x2  
  190  13:37  Marine  
  190  13:38  Marine, Refinery x2  
  194  13:42  Marine x3  
  194  13:43  Marine  
  194  13:44  Raven  
  200  13:50  Planetary Fortress  
  200  13:59  Marine  
  200  14:01  Medivac  
  197  14:10  Raven  
  199  14:28  Marine  
  193  14:47  Marine  
  194  15:06  Marine  
  185  15:09  Marine  
  185  15:10  Marine x2  
  186  15:21  Marine  
  179  15:22  Marine x2  
  179  15:23  Marine  
  179  15:24  Marine x2  
  179  15:26  Marine  
  179  15:27  Marine x2  
  188  15:29  Marine  
  188  15:30  Marine  
  188  15:31  Marine x2  
  188  15:32  SCV  
  188  15:34  Command Center  
  188  15:35  Command Center  
  181  15:39  Marine x2, Command Center  
  181  15:40  Marine  
  181  15:41  Marine x2  
  181  15:42  Marine  
  181  15:44  Marine x2  
  181  15:45  Raven, Marine  
  181  15:46  Raven  
  181  15:49  Marine  
  185  15:50  Siege Tank  
  185  15:53  Marine  
  185  15:54  Medivac x2  
  185  15:56  Marine  
  193  15:57  Marine  
  193  16:04  Marine x2  
  196  16:15  Siege Tank  
  199  16:20  Starport Tech Lab  
  199  16:21  Orbital Command  
  195  16:40  Marine  
  195  16:42  Marine x5  
  195  16:43  Marine  
  195  16:44  Marine  
  195  16:46  Marine x3  
  189  16:47  Marine x2  
  189  16:48  SCV  
  189  16:49  Raven x3  
  189  16:52  Medivac x2, Siege Tank x2  
  189  16:53  Planetary Fortress  
  185  16:54  Orbital Command  
  185  16:55  Orbital Command  
  185  16:58  Marine, Terran Vehicle Weapons Level 3  
  185  17:00  Marine x4  
  190  17:01  Marine  
  190  17:02  Marine  
  190  17:04  Marine  
  190  17:06  Marine  
  194  17:10  Marine  
  194  17:15  Marine x3  
  189  17:16  Marine  
  189  17:18  Marine x2  
  189  17:20  Marine  
  195  17:24  Siege Tank  
  195  17:26  SCV  
  195  17:28  Marine  
  198  17:30  Marine  
  198  17:31  Marine  
  198  17:33  Marine x2  
  198  17:39  Medivac  
  200  17:49  Marine  
  185  17:55  Marine x2  
  185  17:56  Marine  
  185  17:57  Marine x6  
  185  17:58  Raven  
  193  18:04  Marine  
  191  18:14  Raven x2  
  191  18:15  Marine  
  197  18:22  Medivac  
  198  18:31  Command Center  
  196  18:41  Command Center  
  196  18:45  Marine x4  
  197  18:49  Marine x2  
  197  18:54  Raven  
  197  18:55  Marine x3  
  193  18:57  Marine  
  193  18:59  Marine  
  193  19:00  Marine  
  199  19:02  Siege Tank  
  199  19:07  Marine  
  192  19:10  Marine  
  192  19:15  Siege Tank  
  196  19:19  Marine  
  196  19:25  Marine  
  196  19:26  Marine  
  196  19:27  Marine x2  
  196  19:29  Marine x2  
  196  19:33  Marine x4  
  196  19:38  Marine  
  174  19:39  Marine x2  
  174  19:40  SCV  
  174  19:43  Marine  
  174  19:44  Marine x2  
  174  19:45  Raven x2, Marine  
  174  19:46  Medivac x2  
  174  19:47  Marine x2  
  174  19:50  Marine  
  174  19:51  Marine  
  180  19:54  Marine  
  180  19:55  Planetary Fortress  
  180  19:58  Medivac, Command Center, Marine  
  181  20:03  SCV  
  181  20:05  Marine  
  183  20:07  SCV  
  183  20:10  Marine  
  183  20:13  Marine  
  186  20:17  Missile Turret  
  186  20:18  Marine, Barracks  
  186  20:19  Marine  
  186  20:20  Marine  
  189  20:21  Missile Turret  
  186  20:30  Marine  
  186  20:33  Marine, Missile Turret  
  186  20:34  Missile Turret  
  186  20:35  Missile Turret x2  
  186  20:40  Siege Tank, Marine  
  186  20:41  Marine  
  189  20:43  Marine  
  189  20:49  Marine  
  187  20:54  Siege Tank  
  186  21:00  Marine  
  186  21:01  Marine  
  186  21:03  Marine x2  
  186  21:04  Marine  
  119  21:05  Marine  
  119  21:06  Marine  
  119  21:07  Raven x2  
  119  21:08  Medivac  
  119  21:12  Siege Tank  
  119  21:13  Marine  
  119  21:15  Marine x2  
  119  21:16  Marine x3  
  128  21:18  Marine  
  128  21:20  Marine  
  128  21:24  SCV  
  131  21:27  Marine  
  131  21:28  Marine  
  127  21:35  Marine  
  127  21:36  Siege Tank, Marine  
  127  21:37  Marine  
  127  21:38  Marine x4  
  127  21:39  Raven  
  128  21:40  Marine x3  
  128  21:41  Medivac  
  128  21:43  Medivac  
  135  21:50  Siege Tank  
  135  21:51  Medivac  
  135  21:52  Marine  
  141  22:00  Marine  
  139  22:03  Marine  
  139  22:05  Marine  
  139  22:08  Marine  
  128  22:10  Marine  
  128  22:15  Marine  
  127  22:19  Marine  
  127  22:20  Marine  
  118  22:28  Marine  
  119  22:30  Marine x2  
  119  22:33  Siege Tank  
  124  22:39  Marine  
  124  22:40  Marine  
  128  22:52  Marine  
  128  22:54  Marine x4  
  128  22:56  Marine  
Show
View Real Time Build Order
Export as new Build Order

uwuThermal Terran - Winner!

Build Orders:  

Get SALT Encoding   

  12  0:00  SCV  
  13  0:12  SCV  
  14  0:16  Supply Depot  
  14  0:24  SCV  
  15  0:38  SCV  
  15  0:39  Barracks  
  15  0:42  Refinery  
  16  0:50  SCV  
  16  0:52  Refinery  
  17  1:02  SCV  
  18  1:14  SCV  
  19  1:26  Orbital Command, Reaper  
  19  1:27  Supply Depot  
  20  1:42  Factory  
  20  1:52  SCV  
  21  1:58  Reaper  
  22  2:04  SCV  
  23  2:17  SCV  
  24  2:25  Command Center  
  24  2:28  Hellion  
  26  2:31  SCV  
  27  2:39  Starport  
  27  2:43  SCV  
  28  2:49  Barracks Reactor  
  30  2:51  Widow Mine  
  30  2:52  Supply Depot  
  30  2:57  SCV  
  31  3:13  Factory Tech Lab  
  31  3:14  SCV  
  32  3:23  Medivac, Refinery  
  32  3:25  Marine x2  
  32  3:26  SCV  
  37  3:37  Cyclone  
  37  3:38  SCV  
  37  3:39  Orbital Command  
  41  3:43  Marine x2  
  43  3:50  SCV  
  43  3:51  Supply Depot  
  43  3:54  Starport Tech Lab  
  44  4:00  Marine  
  44  4:01  Marine  
  44  4:02  SCV  
  47  4:05  SCV  
  48  4:12  Raven  
  48  4:14  SCV  
  51  4:17  SCV  
  51  4:18  Marine x2  
  51  4:21  Siege Tank  
  57  4:25  Supply Depot  
  57  4:27  SCV  
  57  4:29  SCV  
  59  4:36  Marine x2  
  60  4:43  SCV  
  56  4:47  SCV  
  45  4:53  Siege Tank  
  45  4:54  Marine x2  
  45  4:57  SCV  
  50  5:05  Viking  
  52  5:09  SCV  
  52  5:12  Marine  
  54  5:22  SCV  
  54  5:25  Siege Tank  
  54  5:27  Refinery  
  54  5:28  SCV  
  59  5:30  Refinery  
  59  5:32  Marine  
  59  5:34  SCV  
  61  5:40  SCV, Supply Depot  
  59  5:46  SCV  
  59  5:52  SCV  
  59  5:53  Raven  
  62  5:58  SCV  
  62  6:00  Supply Depot  
  63  6:04  SCV  
  63  6:06  Command Center  
  63  6:10  SCV  
  65  6:12  Siege Tank  
  65  6:16  SCV  
  65  6:17  Marine  
  65  6:18  Supply Depot, Marine  
  70  6:22  SCV  
  72  6:29  SCV  
  73  6:33  Supply Depot  
  73  6:34  SCV  
  74  6:41  SCV  
  74  6:44  Barracks  
  74  6:45  Barracks  
  75  6:48  Viking  
  75  6:49  Viking  
  75  6:51  SCV  
  80  6:55  Siege Tank  
  80  6:57  SCV  
  80  6:58  Marine  
  80  7:01  Stimpack  
  84  7:03  SCV  
  85  7:09  SCV  
  85  7:12  Engineering Bay x2  
  86  7:15  SCV  
  86  7:18  Viking  
  86  7:20  Viking  
  91  7:26  SCV  
  91  7:27  Siege Tank  
  91  7:28  SCV  
  96  7:34  Barracks Reactor x2  
  96  7:38  SCV  
  96  7:43  SCV, Orbital Command  
  98  7:47  Terran Infantry Armor Level 1, Terran Infantry Weapons Level 1  
  98  7:48  Viking  
  98  7:49  Supply Depot  
  100  7:51  Viking  
  100  7:53  SCV  
  100  7:57  SCV, Refinery  
  103  7:58  Refinery  
  103  8:04  Siege Tank  
  106  8:05  Supply Depot, SCV  
  106  8:09  SCV  
  106  8:10  SCV  
  109  8:14  Marine x2  
  109  8:15  Marine  
  109  8:16  Marine  
  109  8:17  Supply Depot, SCV  
  114  8:21  SCV  
  115  8:29  Viking x2  
  109  8:36  Siege Tank  
  109  8:39  SCV  
  109  8:40  SCV  
  110  8:43  SCV  
  109  8:51  SCV  
  95  8:59  Viking x2  
  95  9:01  Marine  
  93  9:05  SCV, Refinery  
  93  9:06  Marine x2  
  93  9:07  Armory  
  93  9:09  Siege Tank, Marine x2  
  99  9:11  SCV x2, Command Center  
  99  9:16  Combat Shield  
  103  9:17  SCV  
  103  9:18  Marine  
  103  9:23  SCV x2  
  107  9:26  Marine  
  107  9:29  SCV  
  107  9:30  Viking  
  111  9:36  Marine x2, Sensor Tower  
  113  9:39  Marine  
  113  9:42  Siege Tank  
  117  9:45  Supply Depot  
  117  9:46  Viking  
  117  9:47  Marine  
  117  9:48  Marine  
  121  9:58  SCV  
  121  9:59  Marine  
  123  10:03  Marine  
  123  10:04  Factory  
  123  10:05  Marine, Barracks  
  123  10:06  Barracks  
  125  10:08  Medivac, Marine  
  125  10:11  Marine  
  125  10:14  Siege Tank  
  132  10:16  Medivac  
  132  10:17  Marine  
  132  10:19  Terran Infantry Weapons Level 2  
  135  10:21  Terran Infantry Armor Level 2  
  135  10:25  SCV  
  136  10:29  SCV x2  
  136  10:30  Marine x2  
  136  10:35  Terran Vehicle Weapons Level 1  
  140  10:37  SCV, Sensor Tower  
  140  10:39  Marine x2  
  140  10:41  SCV x2  
  145  10:44  Marine  
  145  10:48  Viking  
  145  10:49  SCV  
  149  10:50  Viking  
  149  10:53  SCV  
  149  10:55  Planetary Fortress  
  149  10:57  SCV  
  152  10:58  Marine  
  152  10:59  Siege Tank  
  152  11:03  Marine  
  157  11:08  Supply Depot  
  157  11:09  SCV, Supply Depot  
  157  11:11  Marine, Refinery  
  159  11:12  Marine  
  159  11:13  Refinery  
  162  11:19  Factory Tech Lab  
  162  11:20  Viking  
  162  11:24  Barracks Reactor x2, Supply Depot, Viking  
  164  11:30  Marine x2, SCV  
  164  11:31  Siege Tank  
  170  11:35  Supply Depot, Command Center  
  170  11:38  Marine x2  
  170  11:39  Marine  
  173  11:41  Siege Tank  
  176  11:48  Marine x2  
  176  11:53  Viking  
  179  11:54  Viking  
  179  11:56  Marine x2, Supply Depot  
  179  11:57  Marine  
  184  12:02  Marine  
  184  12:04  Siege Tank  
  184  12:05  Marine  
  184  12:06  Marine  
  184  12:07  Marine  
  182  12:10  Marine  
  182  12:12  Marine  
  182  12:13  Marine, Siege Tank  
  182  12:14  Marine  
  189  12:16  Marine  
  189  12:17  Command Center  
  190  12:25  Marine  
  190  12:26  Starport  
  190  12:27  Starport  
  193  12:32  Medivac x2  
  193  12:34  Marine x2  
  197  12:37  Terran Infantry Weapons Level 3  
  197  12:41  Terran Infantry Armor Level 3, Marine  
  198  12:56  Marine x2  
  200  12:59  Missile Turret  
  200  13:00  Missile Turret, Orbital Command  
  200  13:08  Starport Tech Lab x2  
  200  13:10  Terran Ship Weapons Level 1  
  200  13:12  Armory  
  200  13:24  Command Center  
  200  13:29  Missile Turret, Command Center  
  200  13:32  Marine  
  191  13:34  Marine  
  191  13:38  Raven x2  
  191  13:39  Corvid Reactor  
  191  13:40  Viking x2  
  200  13:47  Command Center  
  200  14:11  Planetary Fortress  
  200  14:17  Terran Vehicle And Ship Armor Level 1  
  200  14:22  Raven  
  199  14:24  Sensor Tower  
  199  14:27  Marine  
  200  14:36  Command Center  
  200  14:37  Command Center  
  199  14:56  Marine  
  198  15:00  Siege Tank  
  198  15:02  Siege Tank  
  198  15:05  Raven x2  
  200  15:11  Starport  
  200  15:12  Starport  
  200  15:22  Planetary Fortress  
  200  15:27  Marine  
  180  15:32  Siege Tank  
  180  15:35  Siege Tank  
  181  15:36  Orbital Command  
  181  15:42  Neosteel Armor, Hi-Sec Auto Tracking  
  181  15:47  Marine x6  
  185  15:56  Marine x2  
  181  16:04  Siege Tank  
  181  16:07  Siege Tank  
  181  16:10  Marine  
  188  16:12  Marine  
  188  16:15  Raven x2  
  188  16:17  Missile Turret, Starport Tech Lab x2  
  193  16:21  Marine x2, Planetary Fortress  
  193  16:22  Marine  
  193  16:23  Marine  
  197  16:37  Siege Tank  
  200  16:46  Marine x2  
  197  16:47  Siege Tank  
  197  16:50  Raven x2  
  197  16:52  Planetary Fortress  
  196  16:57  Raven  
  195  17:09  Siege Tank  
  190  17:19  Siege Tank  
  181  17:32  Marine  
  181  17:36  SCV x6, Refinery  
  188  17:37  Marine  
  188  17:38  Marine, Refinery  
  188  17:41  Siege Tank  
  193  17:48  SCV  
  193  17:49  Marine  
  193  17:50  Marine x2  
  189  17:51  Siege Tank  
  189  17:52  Marine  
  189  17:56  Marine x4  
  194  17:59  Command Center  
  194  18:02  Command Center  
  193  18:06  Marine  
  193  18:09  Marine  
  191  18:13  Siege Tank, Marine  
  191  18:14  Marine  
  191  18:17  Marine, Starport Tech Lab  
  191  18:21  Raven  
  191  18:22  Raven, Marine x4  
  191  18:23  Marine  
  199  18:27  Marine  
  199  19:09  Marine  
  188  19:11  Marine x2  
  188  19:12  Marine  
  191  19:20  Siege Tank x2  
  191  19:21  Planetary Fortress  
  191  19:22  Marine  
  191  19:23  Marine x3  
  200  19:28  Marine x2  
  193  19:38  Marine  
  186  19:46  Marine  
  186  19:47  Marine x2  
  186  19:48  Marine x2  
  186  19:50  Orbital Command  
  186  19:52  Siege Tank x2  
  196  19:57  SCV  
  195  20:08  Marine  
  195  20:09  Marine  
  195  20:12  Marine  
  195  20:13  Marine x2  
  199  20:35  Marine  
  200  20:38  Siege Tank  
  154  21:07  Siege Tank, Marine x7  
  154  21:08  Marine  
  154  21:09  Medivac, Marine  
  154  21:11  Missile Turret, SCV  
  164  21:13  Siege Tank  
  164  21:17  Viking x2  
  172  21:20  SCV  
  172  21:25  Marine x6  
  174  21:29  Marine, SCV  
  174  21:31  Marine  
  175  21:34  Medivac  
  175  21:36  Marine  
  175  21:39  Siege Tank  
  181  21:43  Marine x2  
  181  21:44  Marine  
  181  21:45  Siege Tank, Marine  
  181  21:47  Marine x3  
  188  21:52  Medivac  
  194  21:58  Planetary Fortress  
  190  22:10  Medivac  
  190  22:11  Siege Tank  
  190  22:13  Medivac  
  190  22:15  Marine  
  197  22:19  Marine  
  199  22:23  Marine  
  197  22:32  Medivac  
  197  22:33  Marine  
  197  22:35  Command Center  
Tags
 
Add a new tag
Caveats
  • Supply blocks, unpowered buildings, or Contaminate may cause inaccurate times.
  • Supply counts are checked every 10 seconds.